 Dungeon Crawl Stone Soup version 0.20-a0-351-gc9b4002 (webtiles) character file.

31 HarryHood the Skirmisher (level 3, -2/24 HPs)
             Began as a Gargoyle Berserker on Dec 25, 2016.
             Was a Follower of Trog.
             Slain by Sigmund
             ... wielding a +2 scythe of venom
              (9 damage)
             ... on level 2 of the Dungeon.
             The game lasted 00:03:26 (1145 turns).

HarryHood the Skirmisher (Gargoyle Berserker)       Turns: 1145, Time: 00:03:27

Health: -2/24      AC:  7    Str: 20    XL:     3   Next: 22%
Magic:  3/3        EV: 11    Int:  7    God:    Trog [*.....]
Gold:   49         SH:  0    Dex: 10    Spells: 2/2 levels left

rFire  x . .     SeeInvis .     a - +0 mace
rCold  + . .     Gourm    .     e - +0 leather armour
rNeg   + . .     Faith    .     (no shield)
rPois  ∞         Spirit   .     (no helmet)
rElec  +         Reflect  .     g - +0 cloak
rCorr  .         Harm     .     (no gloves)
MR     .....                    (no boots)
Stlth  +.........               (no amulet)
                                (no ring)
                                i - ring of ice

@: no status effects
A: negative energy resistance 1, electricity resistance, unbreathing,
petrification resistance, rot immunity, AC +3
a: Berserk, Burn Spellbooks, Renounce Religion


You were on level 2 of the Dungeon.
You worshipped Trog.
Trog was aware of your devotion.
You were not hungry.

You visited 1 branch of the dungeon, and saw 2 of its levels.

You collected 49 gold pieces.

Inventory:

Hand Weapons
 a - a +0 mace (weapon)
Armour
 e - a +0 leather armour (worn)
 g - a +0 cloak (worn)
Jewellery
 i - a ring of ice (left hand)
Potions
 d - a potion of haste
 h - a potion of curing {unknown}
Comestibles
 c - a bread ration {@e1}
 f - 4 chunks of flesh


   Skills:
 * Level 4.6 Fighting
 - Level 3.0 Maces & Flails
 - Level 2.1 Armour
 - Level 1.5 Dodging


You had 2 spell levels left.
You didn't know any spells.

Dungeon Overview and Level Annotations

Branches:
Dungeon (2/15)

Altars:

Annotations:
D:2 Sigmund


Innate Abilities, Weirdness & Mutations

You are resistant to torment.
Your stone body is resilient. (AC +3)
You are immune to poison.
You resist negative energy. (rN+)
You are resistant to electric shocks. (rElec)
You can survive without breathing.
You are immune to petrification.
You are immune to rotting.


Message History

The bat zombie hits you but does no damage.
The jackal skeleton barely misses you. Something hits you.
You hit the bat zombie.
You destroy the bat zombie!
Trog accepts your kill.
The jackal skeleton bites you but does no damage.
Something hits you.
The jackal skeleton bites you but does no damage.
The jackal skeleton bites you but does no damage.
Something hits you.
The jackal skeleton bites you but does no damage.
You hit something.
The jackal skeleton bites you but does no damage.
Something hits you!
An adder comes into view.
You barely miss something. The jackal skeleton closely misses you.
You closely miss something. The jackal skeleton bites you.
* * * LOW HITPOINT WARNING * * *
Something hits you!
You die...

.#.#.###......... ..
................ ..
#.....#......# . ..
#.....#......# .#
...#.....#......###.###
...#.#................#.
#........#.............
#........###..Z........
#........# #.S{@......#
.#........# #..######..#
.#.....######...# .#
.#.....# #......######.#
.#.....# #>.............
.......###.......#.....
...............#.# ....
....#####......#........
....# #......#........


You could see an adder and a jackal skeleton.

Vanquished Creatures
  A gnoll (D:1)
  A dart slug (D:1)
  A bat zombie (D:2)
  2 giant cockroaches (D:1)
  3 hobgoblins (D:1)
  3 kobolds (D:1)
  2 ball pythons (D:1)
  2 bats (D:1)
  A frilled lizard (D:1)
  4 rats (D:1)
20 creatures vanquished.

Notes
Turn   | Place    | Note
-------+----------+-------------------------------------------
     0 | D:1      | HarryHood the Gargoyle Berserker began the quest for the Orb.
     0 | D:1      | Reached XP level 1. HP: 14/14 MP: 1/1
   120 | D:1      | Reached skill level 4 in Fighting
   120 | D:1      | Reached XP level 2. HP: 4/20 MP: 2/2
   676 | D:1      | Reached XP level 3. HP: 23/24 MP: 3/3
  1127 | D:2      | Noticed Sigmund
  1145 | D:2      | Slain by Sigmund

Vault maps used:
D:1:      nicolae_arrival_washed_ashore
D:2:      lemuel_upstairs_altar, nicolae_overflow_crystal_walls, serial_undead,
          serial_undead_a, serial_undead_d, serial_undead_f, serial_undead_c,
          serial_undead_a, serial_undead_d, uniq_sigmund

Skill      XL: |  1 |
---------------+----+-----
Fighting       | 4 |  4.6
Maces & Flails | |  3.0
Armour         | |  2.1
Dodging        | |  1.5

Action                   || total
-------------------------++-------
Melee: Mace              ||    54
  Use: Scroll            ||     1
  Eat: Chunk             ||     1
Armor: Animal skin       ||     5
       Leather armour    ||    38
Dodge: Dodged            ||    34
